 Dungeon Crawl Stone Soup version 0.23-a0-169-gb21e695 (webtiles) character file.

26 Amnesiac the Chiller (level 2, -1/19 HPs)
             Began as a Mummy Ice Elementalist on Sept 11, 2018.
             Slain by a jackal (2 damage)
             ... on level 2 of the Dungeon.
             The game lasted 00:01:18 (519 turns).

Amnesiac the Chiller (Mummy Ice Elementalist)        Turns: 519, Time: 00:01:19

Health: -1/19      AC:  2    Str: 11    XL:     2   Next: 89%
Magic:  0/6        EV:  9    Int: 14    God:
Gold:   7          SH:  3    Dex: 12    Spells: 4/7 levels left

rFire    x . .     SeeInvis .   (no weapon)
rCold    + . .     Gourm    .   (no shield)
rNeg     + + +     Faith    .   a - +0 robe
rPois    ∞         Spirit   .   (no helmet)
rElec    .         Reflect  +   (no cloak)
rCorr    .         Harm     .   (no gloves)
MR       .....                  (no boots)
Stlth    ++........             d - +3 amulet of reflection
HPRegen  0.06/turn              (no ring)
MPRegen  0.10/turn              (no ring)

@: very slightly contaminated, constricted
A: no food or potions, fire vulnerability, cold resistance 1, negative energy
resistance 3, torment resistance, unbreathing
a: no special abilities


You were on level 2 of the Dungeon.
You were not hungry.

You visited 1 branch of the dungeon, and saw 2 of its levels.

You collected 7 gold pieces.

Inventory:

Armour
 a - a +0 robe (worn)
Jewellery
 d - a +3 amulet of reflection (around neck)
Scrolls
 b - a scroll of remove curse {!r, unknown}
 c - 2 scrolls of identify {!r, unknown}
 e - a scroll of fear {!r, unknown}


   Skills:
 - Level 1.5 Dodging
 - Level 1.5 Stealth
 + Level 3.1 Spellcasting
 - Level 0.7 Conjurations
 * Level 3.2 Ice Magic


You had 4 spell levels left.
You knew the following spells:

 Your Spells              Type           Power        Failure   Level  Hunger
a - Freeze                Ice            ##..         5%          1    N/A
e - Throw Frost           Conj/Ice       #.....       14%         2    N/A

Your spell library contained the following spells:

 Spells                   Type           Power        Failure   Level  Hunger
 Ozocubu's Armour         Chrm/Ice       #.......     32%         3    N/A
 Throw Icicle             Conj/Ice       #.......     67%         4    N/A
 Summon Ice Beast         Ice/Summ       #.......     73%         4    N/A

Dungeon Overview and Level Annotations

Branches:
Dungeon (2/15)

Altars:


Innate Abilities, Weirdness & Mutations

You do not eat or drink.
Your flesh is vulnerable to fire.
You are immune to poison.
Your flesh is cold resistant. (rC+)
You are immune to negative energy. (rN+++)
You are immune to unholy pain and torment.
You can survive without breathing.


Message History

The jackal barely misses you.
Casting: Freeze (safe; 5% risk of failure)
Confirm with . or Enter, or press ? or * to list all spells.
Aiming: Freeze (safe; 5% risk of failure)
Press: ? - help, Shift-Dir - straight line, f - jackal, p - ball python
Aim: a jackal You freeze the jackal.
The jackal is heavily wounded.
The jackal barks!
The jackal barely misses you.
A worm comes into view.
The ball python misses you. The ball python grabs you.
The ball python constricts you.
Casting: Freeze (safe; 5% risk of failure)
Confirm with . or Enter, or press ? or * to list all spells.
You don't have enough magic to cast that spell.
You escape the ball python's grasp.
The jackal bites you but does no damage.
A rat comes into view.
The jackal closely misses you. You block the jackal's attack.
The jackal bites you. The jackal closely misses you. The jackal bites you.
The jackal bites you. The rat closely misses you. The rat bites you.
* * * LOW HITPOINT WARNING * * *
The jackal barely misses you.
Found a viscous pink potion.
The jackal misses you. x2; The jackal closely misses you.
The ball python barely misses you. x2
The jackal bites you.
* * * LOW HITPOINT WARNING * * *
The ball python closely misses you. x2
You hit the ball python.
The ball python is severely wounded.
The jackal misses you. The goblin barely misses you.
The ball python closely misses you. x2
The jackal bites you but does no damage.
The jackal closely misses you. The jackal bites you.
* * * LOW HITPOINT WARNING * * *
You barely miss the ball python.
The ball python is severely wounded.
You block the ball python's attack. The ball python grabs you.
The ball python constricts you.
The jackal bites you but does no damage.
The rat bites you.
* * * LOW HITPOINT WARNING * * *
Casting: Freeze (safe; 5% risk of failure)
Confirm with . or Enter, or press ? or * to list all spells.
Aiming: Freeze (safe; 5% risk of failure)
Press: ? - help, Shift-Dir - straight line, f - jackal, p - jackal
Aim: a jackal You freeze the jackal.
The jackal is severely wounded.
The jackal barely misses you.
The ball python bites you but does no damage.
* * * LOW HITPOINT WARNING * * *
The ball python constricts you. The rat bites you.
* * * LOW HITPOINT WARNING * * *
The jackal barely misses you. x2; The ball python barely misses you.
* * * LOW HITPOINT WARNING * * *
The ball python constricts you.
The ball python's grasp on you weakens, but your attempt to escape fails.
The jackal bites you.
You die...

..........#.#
#.#####.#.#.#
#.##....#.#.#
...#.##.# #.#
.....#<.# #.#
.....#..# #.#
.....#..#
#.##########
##.#.#..#
#....S.....#
#...#..#
#...hh@....#
#...##.#
#...whrg.!.#
#.......
#.....h....# #.
.# .#
#..........#
................#
.....#..........#
.....#..........#
.... #..........#
.... #..........#


You could see a worm, 4 jackals, a goblin, a ball python and a rat.

Vanquished Creatures
  An adder (D:2)
  2 dart slugs (D:2)
  A giant cockroach (D:2)
  2 goblins (D:1)
  A hobgoblin (D:1)
  2 jackals (D:2)
  2 frilled lizards (D:1)
  A kobold (D:2)
  A rat (D:1)
13 creatures vanquished.

Notes
Turn   | Place    | Note
-------+----------+-------------------------------------------
     0 | D:1      | Amnesiac the Mummy Ice Elementalist began the quest for the
                  | Orb.
     0 | D:1      | Reached XP level 1. HP: 13/13 MP: 4/4
   281 | D:2      | Reached XP level 2. HP: 14/19 MP: 0/5
   297 | D:2      | Learned a level 2 spell: Throw Frost
   519 | D:2      | Slain by a jackal

Vault maps used:
D:1:      minmay_arrival_semitransparent

Skill      XL: |  1  2 |
---------------+-------+-----
Spellcasting   | 3 |  3.1
Ice Magic      | 3 |  3.2
Dodging        | |  1.5
Stealth        | |  1.5
Conjurations   | |  0.7

Action                   || total
-------------------------++-------
Melee: Unarmed           ||     2
 Cast: Freeze            ||    32
Armor: Robe              ||     7
Dodge: Dodged            ||    37
Block: Other             ||     4

Table legend:
 A = Non-vault XP
 B = Vault XP
 C = Vault XP percentage of total XP
 D = Non-vault monster count
 E = Vault monster count
 F = Vault count percentage of total count
                 A         B        C        D         E       F
            +---------+---------+-------+---------+---------+-------
      Total |      38 |       0 |   0.0 |      13 |       0 |   0.0
            +---------+---------+-------+---------+---------+-------
        D:1 |       9 |       0 |   0.0 |       6 |       0 |   0.0
        D:2 |      29 |       0 |   0.0 |       7 |       0 |   0.0
            +---------+---------+-------+---------+---------+-------
